 Dungeon Crawl Stone Soup version 0.28-a0-938-gbc3f381ebc (webtiles) character file.

Game seed: 11858425696306514476

57 enile the Gusty (level 3, -2/28 HPs)
             Began as a Draconian Air Elementalist on Nov 29, 2021.
             Was a Follower of Wu Jian.
             Slain by a gnoll (4 damage)
             ... on level 1 of the Dungeon.
             The game lasted 00:03:40 (1305 turns).

enile the Gusty (Draconian Air Elementalist)        Turns: 1305, Time: 00:03:41

Health: -2/28      AC:  5    Str: 10    XL:     3   Next: 73%
Magic:  4/7        EV: 12    Int: 16    God:    Wu Jian [*.....]
Gold:   60         SH:  0    Dex: 11    Spells: 5/8 levels left

rFire   . . .      SeeInvis .   i - +0 flail
rCold   . . .      Faith    .   (no shield)
rNeg    . . .      Spirit   .   (armour unavailable)
rPois   .          Reflect  .   (helmet restricted)
rElec   .          Harm     .   (no cloak)
rCorr   .          Rampage  .   (no gloves)
Will    .....                   (no boots)
Stlth   ++........              (no amulet)
HPRegen 0.09/turn               (no ring)
MPRegen 0.10/turn               (no ring)

@: no status effects
A: AC +5, unfitting armour, cold-blooded
a: Renounce Religion


You were on level 1 of the Dungeon.
You worshipped Wu Jian.
Wu Jian was aware of your devotion.
You visited 1 branch of the dungeon, and saw 2 of its levels.

You collected 60 gold pieces.

Inventory:

Hand Weapons
 b - a +0 club
 d - a +0 short sword
 i - a +0 flail (weapon)
Missiles
 e - 2 stones
Armour
 c - a +0 leather armour
 f - a +0 ring mail
Scrolls
 g - a scroll of brand weapon {unknown}
 h - a scroll of identify {unknown}
Potions
 a - 2 potions of resistance {unknown}


   Skills:
 + Level 1.3 Fighting
 - Level 2.0 Dodging
 - Level 2.0 Stealth
 - Level 3.0 Spellcasting
 - Level 2.0 Conjurations
 - Level 3.0 Air Magic


You had 5 spell levels left.
You knew the following spells:

 Your Spells              Type           Power      Damage    Failure   Level
a - Shock                 Conj/Air       40%        1d5       7%          1
b - Static Discharge      Conj/Air       10%        N/A       10%         2

Your spell library contained the following spells:

 Spells                   Type           Power      Damage    Failure   Level
 Corpse Rot               Necr/Air       14%        N/A       16%         2
 Poisonous Vapours        Pois/Air       14%        N/A       16%         2
 Swiftness                Air            12%        N/A       16%         3
 Airstrike                Air            6%         N/A       47%         4


Dungeon Overview and Level Annotations

Branches:
Dungeon (2/15)

Altars:
Wu Jian


Innate Abilities, Weirdness & Mutations

Your plain brown scales are hard. (AC +5)
You cannot fit into any form of body armour.
You are cold-blooded and may be slowed by cold attacks.


Message History

You barely miss the gnoll.
The gnoll is severely wounded.
The gnoll misses you.
You hit the gnoll.
You kill the gnoll!
The Council accepts your kill.
Training target 2.0 for Conjurations reached!
Your Conjurations skill increases to level 2!
You need to enable at least one skill for training.
There is a stone staircase leading down here.
You see here a +0 flail.
i - a +0 flail
i - a +0 flail (weapon)
There is a stone staircase leading down here.
There is a stone staircase leading down here.
You climb downwards.
The gnoll closely misses you. The adder skeleton closely misses you.
The gnoll hits you with a +0 whip. The adder skeleton barely misses you.
There is a stone staircase leading up here.
Okay, then.
The gnoll closely misses you. The adder skeleton barely misses you.
You climb upwards.
There is a stone staircase leading down here.
You hit the gnoll.
The gnoll is moderately wounded.
The gnoll barely misses you.
You hit the gnoll.
The gnoll is heavily wounded.
The gnoll barely misses you. The gnoll hits you with a +0 whip!
* * * LOW HITPOINT WARNING * * *
Casting: Shock (safe; 7% risk of failure)
Confirm with . or Enter, or press ? or * to list all spells.
Aiming: Shock (safe; 7% risk of failure)
Press: ? - help, Shift-Dir - straight line The zap hits the gnoll.
The gnoll is severely wounded.
The zap hits the gnoll.
The gnoll is almost dead.
The gnoll hits you with a +0 whip.
You die...

#.############.#.# #.#
##.#.##
..#.........>..#.# #.#
##.## #...############.#
#.##### ###### ###.# #.#
###...######8⌠ #.# #.#
#.8P_P..##..P. #.#
#.###.8.....##.... #.#
#..##.......##♣... #.#
#g.#####.########' #.#
#@.#♣............. #.#
##.####...PP....... #.#
#..# #####.8....## #.#
#.###########..###.
###.### #.#
#.......#..#.#. ......#
#.# #.#######..#.#.
###.#†####### #.# #.#
#......
##.###......###.###.#
##.....
###.#...............####
##.###


You could see a gnoll.

Vanquished Creatures
  2 gnolls
  An adder (D:2)
  2 dart slugs (D:1)
  3 bats (D:1)
  4 endoplasms (D:1)
  A giant cockroach (D:1)
  A hobgoblin (D:1)
  2 quokkas (D:1)
  2 ball pythons (D:1)
  A ball python skeleton (D:2)
  3 frilled lizards
  2 goblins (D:1)
  A kobold (D:1)
  2 rats (D:1)
27 creatures vanquished.

Vanquished Creatures (others)
  A plant (D:1)
  A withered plant (D:2)
2 creatures vanquished.

Grand Total: 29 creatures vanquished

Notes
Turn   | Place    | Note
-------+----------+-------------------------------------------
     0 | D:1      | enile the Draconian Air Elementalist began the quest for
                  | the Orb.
     0 | D:1      | Reached XP level 1. HP: 14/14 MP: 3/3
    75 | D:1      | Reached skill level 1 in Fighting
   140 | D:1      | Reached XP level 2. HP: 22/23 MP: 1/5
   977 | D:1      | Found a faded altar of an unknown god.
   984 | D:1      | Prayed at the altar of an unknown god.
   984 | D:1      | Became a worshipper of the Wu Jian Council
   984 | D:1      | Reached * piety under Wu Jian
  1144 | D:2      | Reached XP level 3. HP: 28/28 MP: 2/7
  1147 | D:2      | Learned a level 2 spell: Static Discharge
  1305 | D:1      | Slain by a gnoll

Illustrated notes

Levels and vault maps discovered:
D:1:      mushboom_english_gardens, layout_loops_ring,
          chequers_ecumenical_altar_lobes, minmay_pentomino_u4
D:2:      layout_loops_ring, serial_undead, serial_undead_f, serial_undead_f,
          serial_undead_a, serial_undead_c, serial_undead_d, serial_undead_a,
          uniq_sigmund

Skill      XL: |  1  2  3 |
---------------+----------+-----
Fighting       | 1 |  1.3
Dodging        | 2 |  2.0
Spellcasting   | 3 |  3.0
Stealth        | 2 |  2.0
Conjurations   | 2 |  2.0
Air Magic      | |  3.0

Action                   || total
-------------------------++-------
Melee: Unarmed           ||    15
       Club              ||    15
       Tailslap          ||     4
       Short sword       ||    15
       Flail             ||     2
 Cast: Shock             ||    50
 Stab: Sleeping          ||     1
Armor: Skin              ||    14
Dodge: Dodged            ||    35

Table legend: (Time is in decaauts)
 A = Elapsed time spent in this place.
 B = Non-inter-level travel time spent in this place.
 C = Inter-level travel time spent in this place.
 D = Time resting spent in this place.
 E = Time spent auto-exploring this place.
 F = Levels seen in this place.
 G = Mean time per level.
                   A        B        C        D        E       F      G
               +--------+--------+--------+--------+--------+-----+--------+
         Total |   1311 |   1296 |     15 |      0 |   1045 |   2 |  655.5 |
       Dungeon |   1311 |   1296 |     15 |      0 |   1045 |   2 |  655.5 |
               +--------+--------+--------+--------+--------+-----+--------+

Top non-repeatable levels by time:
     D:1: 1142 daAuts
     D:2: 169 daAuts
